 Dungeon Crawl Stone Soup version 0.30-a0-1018-g25214051b3 (webtiles) character file.

Game seed: 10059011832076022421

164039 FexLirch the Stickfighter (level 18, -4/142 (145) HPs)
             Began as a Human Wanderer on Apr 1, 2023.
             Was the Champion of Wu Jian.
             Succumbed to barbed spike wounds
             ... on level 1 of the Spider Nest on Apr 8, 2023.
             The game lasted 02:35:28 (28243 turns).

FexLirch the Stickfighter (Human Wanderer)         Turns: 28243, Time: 02:35:29

HP:   -4/142 (145)  AC: 19    Str: 35    XL:     18   Next: 47%
MP:   18/18         EV: 21    Int: 10    God:    Wu Jian [******]
Gold: 1354          SH:  0    Dex: 18    Spells: 9/17 levels left

rFire   + + .      SeeInvis +    q - +5 glaive of the Guard {elec, spectral, AC+5}
rCold   + . .      Faith    .    (shield currently unavailable)
rNeg    . . .      Spirit   .    Y - +2 leather armour {rC+ rF+}
rPois   +          Reflect  .    t - +2 hat
rElec   +          Rampage  .    W - +0 cloak of a Billion Lies {rPois}
rCorr   .                        h - +0 pair of gloves
Will    +....                    F - +2 pair of boots
Stlth   +++                      H - amulet "Hok Pink" {*Slow Regen+ Str+8}
HPRegen 1.23/turn                S - ring of Coos Eta {Str+6 SInv}
MPRegen 0.16/turn                V - ring of Numnety {rElec rF+ Str+3}

@: exhausted, marked, spiked, lightly drained
A: no striking features
a: Renounce Religion, Wall Jump, Serpent's Lash, Heavenly Storm


You were on level 1 of the Spider Nest.
You worshipped Wu Jian.
Wu Jian was exalted by your worship.
You visited 5 branches of the dungeon, and saw 26 of its levels.
You also visited: Sewer, Ice Cave and Volcano.

You collected 2701 gold pieces.
You spent 1347 gold pieces at shops.

Inventory:

Hand Weapons
 q - the +5 glaive of the Guard (weapon) {elec, spectral, AC+5}
   (You found it in an ice cave)

   AC:        It affects your AC (+5).
 w - a +3 quarterstaff of flaming
Missiles
 b - 11 boomerangs (quivered)
 G - 43 poisoned darts
Armour
 d - a +2 ring mail of poison resistance
 h - a +0 pair of gloves (worn)
 o - the +6 scale mail of Jigsaw {Rampage Fly rCorr}
   (You found it on level 2 of the Swamp)

   Fly:       It grants you flight.
   rCorr:     It protects you from acid and corrosion.
   Rampage:   It bestows one free step when moving towards enemies.
 t - a +2 hat (worn)
 F - a +2 pair of boots (worn)
 W - the +0 cloak of a Billion Lies (worn) {rPois}
   (You found it on level 14 of the Dungeon)

   rPois:     It protects you from poison.
 Y - a +2 leather armour of resistance (worn)
Jewellery
 l - a +6 ring of strength
 s - a ring of protection from fire
 v - a ring of flight
 y - a ring of willpower
 H - the amulet "Hok Pink" (around neck) {*Slow Regen+ Str+8}
   (You acquired it on level 3 of the Swamp)

   [amulet of regeneration]

   Str:       It affects your strength (+8).
   Regen:     It increases your rate of health regeneration.
   *Slow:     It may slow you when you take damage.
 N - a +5 ring of evasion
 S - the ring of Coos Eta (left hand) {Str+6 SInv}
   (You bought it in a shop on level 9 of the Dungeon)

   [ring of strength]

   Str:       It affects your strength (+6).
   SInv:      It lets you see invisible.
 T - a ring of willpower
 V - the ring of Numnety (right hand) {rElec rF+ Str+3}
   (You found it on level 3 of the Swamp)

   [ring of protection from fire]

   Str:       It affects your strength (+3).
   rF:        It protects you from fire.
   rElec:     It insulates you from electricity.
Wands
 a - a wand of roots (7)
 e - a wand of light (3)
 P - a wand of digging (6)
 Q - a wand of mindburst (9)
 U - a wand of paralysis (33)
Scrolls
 f - 3 scrolls of butterflies
 g - a scroll of vulnerability
 i - 4 scrolls of poison
 j - 3 scrolls of magic mapping
 m - a scroll of fear
 n - 2 scrolls of blinking
 B - 4 scrolls of enchant weapon
 D - 6 scrolls of teleportation
 I - a scroll of fog
 J - 5 scrolls of enchant armour
 R - 3 scrolls of silence {unknown}
Potions
 c - 6 potions of flight
 k - 6 potions of mutation
 p - 3 potions of cancellation
 r - 5 potions of lignification
 u - 6 potions of haste
 x - a potion of ambrosia
 z - 2 potions of magic
 A - 3 potions of brilliance
 C - 7 potions of curing
 E - 3 potions of resistance
 K - 4 potions of attraction
 L - 4 potions of might
 M - 2 potions of invisibility
 O - 2 potions of berserk rage
Miscellaneous
 X - a tin of tremorstones (2/2)
 Z - a lightning rod (4/4)


   Skills:
 + Level 13.9 Fighting
 - Level 2.0 Short Blades
 + Level 8.1(15.4) Polearms
 + Level 20.3(20.8) Staves
 + Level 4.6 Throwing
 + Level 10.0 Armour
 + Level 13.9 Dodging
 - Level 4.4 Stealth
 - Level 9.0 Translocations
 - Level 1.0 Evocations


You had 9 spell levels left.
You knew the following spells:

 Your Spells              Type           Power      Damage    Failure   Level
a - Passwall              Tmut/Erth      0%         N/A       52%         2
b - Blink                 Tloc           36%        N/A       1%          2
c - Lesser Beckoning      Tloc           36%        N/A       1%          2
d - Momentum Strike       Conj/Tloc      18%        3d8       10%         2

Your spell library contained the following spells:

 Spells                   Type           Power      Damage    Failure   Level
 Gell's Gravitas          Tloc           18%        N/A       3%          3
 Teleport Other           Tloc           18%        N/A       3%          3
 Volatile Blastmotes      Fire/Tloc      18%        2d11      19%         3
 Kiss of Death            Conj/Necr      0%         2d5       38%         1
 Sandblast                Erth           0%         2d4       38%         1
 Confusing Touch          Hex            0%         N/A       77%         3
 Stone Arrow              Conj/Erth      0%         3d7       77%         3
 Swiftness                Air            0%         N/A       77%         3
 Dispersal                Tloc           9%         N/A       83%         6
 Animate Armour           Summ/Erth      0%         N/A       99%         4
 Dispel Undead            Necr           0%         3d6       99%         4
 Summon Ice Beast         Ice/Summ       0%         N/A       99%         4
 Blade Hands              Tmut           0%         N/A       100%        5
 Summon Mana Viper        Hex/Summ       0%         N/A       100%        5
 Iron Shot                Conj/Erth      0%         9d1       100%        6
 Simulacrum               Ice/Necr       0%         N/A       100%        6
 Monstrous Menagerie      Summ           0%         N/A       100%        7
 Ozocubu's Refrigeration  Ice            0%         4d7       100%        7
 Polar Vortex             Ice            0%         N/A       100%        9


Dungeon Overview and Level Annotations

Branches:
Dungeon (15/15)            Temple (0/1) D:6            Lair (5/5) D:11
  Swamp (3/4) Lair:3       Spider (1/4) Lair:2        Slime (0/5) Lair:4
    Orc (2/2) D:11            Elf (0/3) Orc:2        Vaults (0/5) D:14
 Depths (0/4) D:15          Sewer (visited)           IceCv (visited)
Volcano (visited)

Altars:
Ashenzari
Cheibriados
Dithmenos
Fedhas
Kikubaaqudgha
Okawaru
Qazlal
Vehumet
Wu Jian
Xom
Yredelemnul
Jiyva
Lugonu

Shops:
D:7 *   D:8 ?   D:9 (*:   D:14 *   Orc:2 *[=(

Portals:
Abyss: Lair:5

Annotations:
D:9 2 transporters, pigah's ghost, novice OpWn
D:13 3 runed translucent doors, epsilonplus's ghost, journeyman MiFi
Lair:4 1 runed translucent door
Swamp:2 Kirke; Roxanne


Message History

The barbed spikes dig painfully into your body as you move.
* * * LOW HITPOINT WARNING * * *
A freezing mist starts to gather... x2
A wolf spider simulacrum and a redback simulacrum come into view.
A redback comes into view.
The redback closely misses you. The redback bites you.
* * * LOW HITPOINT WARNING * * *
The steelbarb worm misses you.
Your muscles tense, ready for explosive movement...
The barbed spikes dig painfully into your body as you move.
* * * LOW HITPOINT WARNING * * *
The barbed spikes dig painfully into your body as you move.
* * * LOW HITPOINT WARNING * * *
Your supernatural speed expires.
The barbed spikes dig painfully into your body as you move.
* * * LOW HITPOINT WARNING * * *
The jumping spider leaps!
The barbed spikes dig painfully into your body as you move.
* * * LOW HITPOINT WARNING * * *
You spin and attack the jumping spider.
You hit the jumping spider.
The jumping spider is lightly wounded.
Your +5 glaive of the Guard {elec, spectral, AC+5} hits the jumping spider!!
The wolf spider simulacrum sets off the alarm!
The alarm trap emits a blaring wail!
A sentinel's mark forms upon you.
The jumping spider closely misses your +5 glaive of the Guard {elec, spectral, AC+5}.
The jumping spider bites your +5 glaive of the Guard {elec, spectral, AC+5}.
Your spectral weapon shares its damage with you!
* * * LOW HITPOINT WARNING * * *
You hear a faint skittering sound. x5; You hear a hideous shriek!
The barbed spikes dig painfully into your body as you move.
* * * LOW HITPOINT WARNING * * *
There is a crawl-hole back to the Lair, spattered with blood here.
The wolf spider simulacrum hits you!
* * * LOW HITPOINT WARNING * * *
The wolf spider simulacrum freezes you! You resist.
* * * LOW HITPOINT WARNING * * *
The wolf spider simulacrum misses you.
The barbed spikes dig painfully into your body as you move.
You die...

###### ###.Z..#
##..ws@.# ## ##
#..Zs#...#
...#.##...s#...#
^.....#..s.#...#
..........##.....
....##.†.#....###
... #....##....
.# ###...#..###
.......


You could see a steelbarb worm (soul bound), 2 redbacks, a wolf spider
simulacrum and a redback simulacrum.

Vanquished Creatures
  Rupert (Lair:3)
  2 tentacled monstrosities
  Jorgrun (D:13)
  A thorn hunter (Swamp:3)
  An orc warlord (Orc:2)
  A stone giant (D:15)
  2 green draconians (Swamp:3)
  4 eleionomae
  Nessos (Lair:4)
  3 bunyips
  Josephine (D:13)
  A shambling mangrove (Swamp:3)
  The ghost of puppykicker the Hand of Fortune, a journeyman DsAr of Nemelex Xobeh (D:14)
  16 hydras
  A catoblepas (Lair:4)
  A ghost crab (Swamp:3)
  3 centaur warriors
  2 dancing weapons (D:14)
  5 two-headed ogres
  3 tengu warriors (D:15)
  4 alligators
  3 death yaks (Lair:5)
  A hell hog (Volcano)
  2 thrashing horrors (Lair:5)
  An orc high priest (Orc:2)
  Sonja (D:13)
  Nergalle (Orc:2)
  A skyshark (Lair:3)
  A pharaoh ant (Spider:1)
  A fire crab (shapeshifter) (Lair:3)
  8 skeletal warriors
  7 goliath frogs
  2 glowing orange brains (D:13)
  7 swamp dragons
  2 spriggan druids
  3 orc knights (Orc:2)
  A wizard (D:13)
  4 deep elf pyromancers
  7 bog bodies
  Pikel (D:5)
  A necromancer (D:11)
  2 orc sorcerers (Orc:2)
  A harpy (shapeshifter) (Lair:5)
  2 salamanders (Volcano)
  2 wolf spiders (Spider:1)
  11 ugly things
  3 cyclopes
  2 manticores
  A black mamba (shapeshifter) (Lair:3)
  15 elephants
  An ice statue (IceCv)
  A smoke demon (Lair:5)
  A torpor snail (Lair:1)
  3 black mambas
  An unseen horror (D:7)
  An ice devil (IceCv)
  12 cane toads
  6 rime drakes
  A freezing wraith (D:14)
  A yaktaur (D:15)
  13 komodo dragons
  2 anaconda simulacra (IceCv)
  A tengu conjurer (D:15)
  An ancient zyme (Lair:5)
  2 bloated husks
  A polar bear (Lair:3)
  6 trolls
  4 tyrant leeches
  A tarantella (Spider:1)
  9 hornets
  38 blink frogs
  5 dream sheep (Lair:5)
  A raiju (Lair:1)
  4 slime creatures (D:12)
  9 large abominations
  A shadow (D:11)
  7 culicivoras
  5 wraiths (D:13)
  10 spriggans
  4 hogs (Swamp:2)
  A vampire (D:9)
  5 wyverns
  3 ynoxinuls (Lair:5)
  2 fire bats (Volcano)
  38 yaks
  5 basilisks
  A death yak simulacrum (IceCv)
  19 small abominations
  4 redbacks
  A chaos spawn (Lair:5)
  A warg (Orc:1)
  2 steam dragons (D:12)
  4 vampire mosquitoes
  2 harpy simulacra (IceCv)
  13 swamp worms
  3 acid dragons
  10 water moccasins
  A floating eye (shapeshifter) (Lair:5)
  24 orc warriors
  2 hell hounds (Volcano)
  4 swamp drakes
  4 sky beasts
  2 ice beasts
  15 wolves
  7 ogres
  16 centaurs
  2 phantoms
  10 bullfrogs
  Blork the orc (Orc:2)
  A kobold brigand (D:9)
  3 gnoll sergeants
  5 two-headed ogre simulacra (IceCv)
  A wyvern zombie (D:7)
  A cane toad simulacrum (IceCv)
  3 scorpions
  15 wights
  5 killer bees (D:9)
  5 electric eels
  4 howler monkeys
  5 jellies
  Crazy Yiuf (D:2)
  3 hounds
  A centaur zombie (D:7)
  21 orc priests
  2 gnoll boudas
  A sleepcap (D:4)
  3 iguanas
  22 orc wizards
  Natasha (thrice) (D:2)
  3 yak simulacra (D:11)
  5 polar bear simulacra
  6 spriggan simulacra (IceCv)
  5 troll simulacra (IceCv)
  6 wolf simulacra
  15 adders
  26 gnolls
  7 naga simulacra (IceCv)
  2 river rats (Sewer)
  20 white imps
  9 ufetubi
  A worm (D:3)
  A worm (shapeshifter) (Lair:5)
  4 dart slugs
  75 orcs
  6 bats
  5 giant cockroaches
  10 goblins
  3 hobgoblins
  8 jackals (D:3)
  A quokka (shapeshifter) (D:13)
  2 quokkas
  6 ball pythons
  6 frilled lizards (Sewer)
  15 kobolds
  12 rats
  A river rat simulacrum (D:11)
  A briar patch (Swamp:3)
869 creatures vanquished.

Vanquished Creatures (collateral kills)
  A shadow (D:11)
  A yak (D:11)
  An ogre (D:11)
  A howler monkey (D:11)
  A wolf simulacrum (D:11)
  3 orcs (D:11)
  A jackal (D:11)
9 creatures vanquished.

Vanquished Creatures (others)
  A slime creature (D:12)
  2 orc warriors (Orc:2)
  A yak zombie (D:11)
  A briar patch (Swamp:3)
  29 fungi
  29 plants
63 creatures vanquished.

Grand Total: 941 creatures vanquished

Notes
Turn   | Place    | Note
-------+----------+-------------------------------------------
     0 | D:1      | FexLirch the Human Wanderer began the quest for the Orb.
     0 | D:1      | FexLirch set off with the following items: a +2
                  | quarterstaff, a +0 short sword, a +0 pair of boots, a
                  | scroll of blinking, a +0 leather armour.
     0 | D:1      | Reached XP level 1. HP: 15/15 MP: 1/1
    82 | D:1      | Reached XP level 2. HP: 17/21 MP: 2/2
   216 | D:1      | Reached skill level 3 in Staves
   278 | D:1      | Found a faded altar of an unknown god.
   294 | D:1      | Prayed at the altar of an unknown god.
   294 | D:1      | Became a worshipper of the Wu Jian Council
   294 | D:1      | Reached * piety under Wu Jian
   345 | D:1      | Reached XP level 3. HP: 26/26 MP: 3/3
   763 | D:2      | Noticed Natasha
   767 | D:2      | Killed Natasha
   768 | D:2      | Reached skill level 4 in Staves
   768 | D:2      | Reached XP level 4. HP: 32/32 MP: 4/4
   948 | D:2      | Noticed Natasha
   960 | D:2      | Killed Natasha
  1377 | D:2      | Noticed Natasha
  1389 | D:2      | Killed Natasha
  1390 | D:2      | Reached skill level 5 in Staves
  1390 | D:2      | Reached XP level 5. HP: 33/37 MP: 5/5
  1405 | D:2      | Found a runed translucent door.
  1406 | D:2      | Noticed Crazy Yiuf
  1414 | D:2      | Killed Crazy Yiuf
  1635 | D:3      | Reached ** piety under Wu Jian
  1782 | D:3      | Found a glowing drain.
  1807 | D:3      | Reached XP level 6. HP: 41/43 MP: 6/6
  1825 | Sewer    | Entered a sewer
  1834 | Sewer    | Reached skill level 6 in Staves
  2181 | D:3      | Found a shimmering altar of Xom.
  2589 | D:3      | Found a blossoming altar of Fedhas.
  2707 | D:4      | Noticed an ice beast
  3004 | D:4      | Reached XP level 7. HP: 48/48 MP: 7/7
  3005 | D:4      | Reached skill level 7 in Staves
  3042 | D:4      | Found a large runed translucent door.
  3042 | D:4      | Found a large runed translucent door.
  3298 | D:4      | Reached skill level 8 in Staves
  3437 | D:4      | Found a snail-covered altar of Cheibriados.
  3615 | D:5      | Entered Level 5 of the Dungeon
  3741 | D:5      | Reached XP level 8. HP: 28/54 MP: 8/8
  3887 | D:5      | Reached *** piety under Wu Jian
  3900 | D:5      | Learned a level 2 spell: Passwall
  3975 | D:5      | Noticed Pikel
  3981 | D:5      | Killed Pikel
  3982 | D:5      | Reached skill level 10 in Staves
  4225 | D:5      | Found an ornate altar of the Wu Jian Council.
  4397 | D:5      | Reached XP level 9. HP: 45/59 MP: 9/9
  4617 | D:4      | Reached skill level 11 in Staves
  4887 | D:6      | Noticed a two-headed ogre
  5226 | D:6      | Reached skill level 12 in Staves
  5582 | D:6      | Found a staircase to the Ecumenical Temple.
  5670 | D:6      | Killed a two-headed ogre
  5671 | D:6      | Reached XP level 10. HP: 68/68 MP: 10/10
  5872 | D:7      | Reached **** piety under Wu Jian
  5973 | D:7      | Found an iron altar of Okawaru.
  6011 | D:7      | Reached skill level 13 in Staves
  6351 | D:7      | Found a basalt altar of Yredelemnul.
  6478 | D:7      | Killed an unseen horror
  6836 | D:7      | Found Duuw's Assorted Antiques.
  6948 | D:7      | Found a broken altar of Ashenzari.
  7334 | D:4      | Found a stormy altar of Qazlal.
  7345 | D:4      | Found an ancient bone altar of Kikubaaqudgha.
  7933 | D:8      | Noticed a two-headed ogre
  7943 | D:8      | Killed a two-headed ogre
  7944 | D:8      | Reached skill level 5 in Fighting
  7944 | D:8      | Reached skill level 14 in Staves
  7944 | D:8      | Reached skill level 5 in Dodging
  7944 | D:8      | Reached XP level 11. HP: 61/79 MP: 11/11
  8224 | D:8      | Found Sauzarchu's Magic Scroll Shop.
  8232 | D:8      | Bought a scroll of fear for 44 gold pieces
  8402 | D:9      | Found Ankeg's Weapon Shoppe.
  8434 | D:9      | Reached ***** piety under Wu Jian
  8545 | D:9      | Found a radiant altar of Vehumet.
  8710 | D:9      | Found a transporter.
  8714 | D:9      | Noticed pigah's ghost (novice OpWn)
  8714 | D:9      | Noticed a moth of wrath
  8924 | D:9      | Found Jaotimes's Book Boutique.
  9245 | D:9      | Found Imotod Liddo's Assorted Antiques.
  9402 | D:9      | Found a transporter.
  9499 | D:10     | Entered Level 10 of the Dungeon
  9679 | D:10     | Found a shadowy altar of Dithmenos.
 10220 | D:11     | Noticed a cyan ugly thing
 10229 | D:11     | Upgraded the game from 0.30-a0-986-g7f2e898f52 to
                  | 0.30-a0-1018-g25214051b3
 10401 | D:11     | Killed a cyan ugly thing
 10628 | D:11     | Noticed a necromancer
 10661 | D:11     | Found a staircase to the Lair.
 10841 | D:11     | Reached skill level 15 in Staves
 11072 | D:11     | Noticed a cyan ugly thing
 11174 | D:11     | Reached XP level 12. HP: 84/91 MP: 12/12
 11303 | D:11     | Found a staircase to the Orcish Mines.
 12338 | D:12     | Identified the +2 robe of Mumblety Peg {Str+3 Dex+3}
 12907 | D:8      | Bought a scroll of acquirement for 572 gold pieces
 12907 | D:8      | Acquired a manual of Staves
 12934 | D:9      | Bought a book of Spatial Translocations for 216 gold pieces
 12937 | D:9      | Learned a level 2 spell: Blink
 12940 | D:9      | Learned a level 2 spell: Lesser Beckoning
 12943 | D:9      | Learned a level 2 spell: Momentum Strike
 13028 | Lair:1   | Entered Level 1 of the Lair of Beasts
 13128 | Lair:1   | Reached skill level 1 in Translocations
 13310 | Lair:1   | Reached skill level 16 in Staves
 13560 | Lair:1   | Reached XP level 13. HP: 100/100 MP: 13/13
 14008 | Lair:2   | Got Disaw's Spellcasting and You
 14072 | Lair:2   | Reached ****** piety under Wu Jian
 14229 | Lair:2   | Noticed a six-headed hydra
 14606 | Lair:3   | Noticed Rupert
 14622 | Lair:3   | Noticed a five-headed hydra
 14734 | Lair:3   | Reached skill level 17 in Staves
 14746 | Lair:3   | Killed a five-headed hydra
 14883 | Lair:3   | Killed Rupert
 14884 | Lair:3   | Reached skill level 10 in Fighting
 14884 | Lair:3   | Reached skill level 5 in Translocations
 14931 | Lair:3   | Found a frozen archway.
 14938 | Lair:3   | Reached skill level 10 in Dodging
 14974 | IceCv    | Entered an ice cave
 15643 | IceCv    | Found the +5 glaive of the Guard {elec, spectral, AC+5}
 15997 | Lair:3   | Found a staircase to the Swamp.
 16461 | Lair:2   | Found a hole to the Spider Nest.
 16464 | Lair:2   | Reached XP level 14. HP: 111/111 MP: 14/14
 17355 | Lair:4   | Reached skill level 18 in Staves
 17416 | Lair:4   | Noticed Nessos
 17425 | Lair:4   | Killed Nessos
 17544 | Lair:4   | Found a runed translucent door.
 17547 | Lair:4   | Found a viscous altar of Jiyva.
 17548 | Lair:4   | Found a staircase to the Slime Pits.
 17548 | Lair:4   | Noticed an acid blob
 17548 | Lair:4   | Noticed an acid blob
 17947 | Lair:5   | Entered Level 5 of the Lair of Beasts
 18033 | Lair:5   | Reached skill level 1 in Polearms
 18033 | Lair:5   | Reached skill level 5 in Armour
 18147 | Lair:5   | Reached skill level 1 in Stealth
 18185 | Lair:5   | Reached XP level 15. HP: 73/120 MP: 15/15
 18225 | Lair:5   | Found a dark tunnel.
 18242 | Volcano  | Entered a volcano
 18459 | Volcano  | Reached XP level 16. HP: 116/127 MP: 16/16
 19950 | Lair:5   | Reached skill level 19 in Staves
 20104 | Lair:5   | Found a corrupted altar of Lugonu.
 20104 | Lair:5   | Found a one-way gate to the infinite horrors of the Abyss.
 20367 | Orc:1    | Entered Level 1 of the Orcish Mines
 20464 | Orc:2    | Entered Level 2 of the Orcish Mines
 21156 | Orc:2    | Found a staircase to the Elven Halls.
 21188 | Orc:2    | Noticed Blork the orc
 21192 | Orc:2    | Noticed Nergalle
 21200 | Orc:2    | Killed Nergalle
 21203 | Orc:2    | Killed Blork the orc
 21204 | Orc:2    | Found Saitadev's Antique Armour Emporium.
 21208 | Orc:2    | Found Sysh's Antique Weapon Emporium.
 21213 | Orc:2    | Found Basoc's General Store.
 21351 | Orc:2    | Found Ceumoofe's Jewellery Emporium.
 21937 | Orc:2    | Bought an ichor-stained halberd for 279 gold pieces
 21937 | Orc:2    | Identified the +8 halberd "Lyfinipt" {vamp, rCorr Str-3
                  | Int+4 Stlth+} (You bought it in a shop on level 2 of the
                  | Orcish Mines)
 21958 | Orc:2    | Bought an ancient robe for 136 gold pieces
 21958 | Orc:2    | Identified the +1 robe of Thoughtfulness {Str+6} (You
                  | bought it in a shop on level 2 of the Orcish Mines)
 22072 | D:9      | Bought a transparent granite ring for 100 gold pieces
 22072 | D:9      | Identified the ring of Coos Eta {Str+6 SInv} (You bought it
                  | in a shop on level 9 of the Dungeon)
 22218 | Swamp:1  | Entered Level 1 of the Swamp
 22383 | Swamp:1  | Noticed a tentacled monstrosity
 22666 | Swamp:1  | Reached XP level 17. HP: 131/135 MP: 17/17
 22808 | Swamp:1  | Killed a tentacled monstrosity
 22809 | Swamp:1  | Reached skill level 5 in Polearms
 22854 | Swamp:1  | You fall into a shaft and drop 1 floor!
 22870 | Swamp:2  | Identified the +2 leather armour of Whack-A-Mole {rF+
                  | Int+3}
 22907 | Swamp:2  | Noticed Kirke
 22907 | Swamp:2  | Noticed Roxanne
 23002 | Swamp:2  | Identified the +6 scale mail of Jigsaw {Rampage Fly rCorr}
 24171 | Swamp:3  | Noticed a thorn hunter
 24178 | Swamp:3  | Killed a thorn hunter
 24512 | Swamp:3  | Noticed a tentacled monstrosity
 24661 | Swamp:3  | Killed a tentacled monstrosity
 24941 | Swamp:3  | Acquired the amulet "Hok Pink" {*Slow Regen+ Str+8}
 25347 | Swamp:3  | Identified the ring of Numnety {rElec rF+ Str+3}
 25831 | D:13     | Noticed Sonja
 25836 | D:13     | Killed Sonja
 25966 | D:13     | Noticed Jorgrun
 26151 | D:13     | Killed Jorgrun
 26152 | D:13     | Reached skill level 20 in Staves
 26301 | D:13     | Found a runed translucent gate.
 26301 | D:13     | Found a runed translucent gate.
 26301 | D:13     | Found a runed translucent gate.
 26400 | D:13     | Noticed Josephine
 26409 | D:13     | Killed Josephine
 26470 | D:13     | Reached XP level 18. HP: 124/144 MP: 18/18
 26632 | D:13     | Identified the amulet of Lust {Faith rF- rC+ rCorr Str+3}
 26781 | D:13     | Found a runed translucent gate.
 26781 | D:13     | Found a runed translucent gate.
 26784 | D:13     | Noticed epsilonplus's ghost (journeyman MiFi)
 26785 | D:13     | Found a runed translucent gate.
 26895 | D:14     | Found Tiresoom's Elemental Accessories.
 26926 | D:14     | Found a runed translucent door.
 26928 | D:14     | Noticed puppykicker's ghost (journeyman DsAr)
 27007 | D:14     | Killed puppykicker's ghost
 27014 | D:14     | Identified the staff of air "Nenturr" {rElec Dex+2}
 27146 | D:14     | Found a gate to the Vaults.
 27192 | D:14     | Identified the +0 cloak of a Billion Lies {rPois}
 27462 | D:15     | Entered Level 15 of the Dungeon
 27910 | D:15     | Found a staircase to the Depths.
 27920 | D:15     | Reached skill level 10 in Armour
 28221 | Spider:1 | Entered Level 1 of the Spider Nest
 28242 | Spider:1 | HP: 1/142 [wolf spider simulacrum (9)]
 28243 | Spider:1 | Succumbed to barbed spike wounds

Illustrated notes

Levels and vault maps discovered:
D:1:      dpeg_arrival_round_c, layout_loops_ring,
          hellmonk_ecumenical_altar_pennies_from_heaven, minmay_misc_feat_x
D:2:      layout_basic, serial_forest, infiniplex_forest_3_way,
          infiniplex_forest_clump_double, infiniplex_forest_zigzag_1,
          infiniplex_forest_clump_cross, infiniplex_forest_diagonal,
          infiniplex_forest_straight_1, infiniplex_forest_clump_curved,
          bh_walls_and_bars, uniq_natasha, uniq_crazy_yiuf_cottage
D:3:      layout_loops_ring, mainiacjoe_overflow_alcove_2, fedhas_altar_4,
          gup_sewer_entry_glass
D:4:      layout_gridville, jmf_multi_god_temple2,
          mainiacjoe_overflow_surrounded_room
D:5:      layout_basic, nicolae_wu_jian_immortal_techniques, uniq_pikel
D:6:      layout_layer_cave, minmay_temple_entry_mini_moons
D:7:      layout_basic, lemuel_tele_altar, general_overflow_altar,
          lemuel_zombie_altar_yredelemnul, serial_shops, shop
D:8:      layout_basic, serial_shops, shop
D:9:      layout_loops_ring, nicolae_vehumet_radiance,
          gammafunk_ghost_berserking_beasts, serial_shops,
          nicolae_shop_advertising_works [nicolae_subvault_shop_adworks],
          kennysheep_mini, nicolae_shop_window_shopping
D:10:     layout_cave_pools, grunt_dithmenos_smoke
D:11:     layout_irregular_city, lair_entry_dummy, erik_orc_1,
          eino_house_with_fridge
D:12:     layout_stronghold, hangedman_misty_isle
D:13:     layout_roguey, ploomutoo_gammafunk_ghost_potion_laboratory,
          laboratory, uniq_josephine, uniq_jorgrun, uniq_sonja
D:14:     layout_basic, erik_vaults_1, ebering_ghost_reflecting_pool,
          nrook_mini_vaults, chequers_mini_garden, nicolae_elemental_shop,
          nicolae_concentric_dashed_squares_wild
D:15:     grunt_enter_depths_snipers, layout_rooms, minivault_19
Lair:1:   layout_long_grid, serial_bayou_shore_b, grunt_megastairs_1,
          serial_bayou_shore_a, infiniplex_staircase_pool_2
Lair:2:   layout_hall_layers, nicolae_spider_entry_tight_spaces
Lair:3:   layout_chaotic_city, minmay_swamp_entry_eels,
          portal_ice_cave_entry_imps, uniq_rupert
Lair:4:   layout_regular_city, slime_entry_2, uniq_nessos
Lair:5:   hellmonk_lair_end_abyssal_woods, layout_cave_shapes, enter_volcano_2
Swamp:1:  layout_basic_swamp, nicolae_swamp_ascending_descending, swamp_pool2
Swamp:2:  layout_falls_marsh, evilmike_swamp_ruin_house_2, uniq_aizul,
          uniq_kirke, uniq_roxanne
Swamp:3:  layout_basic_swamp, evilmike_swamp_ruin_house_3, swamp_pool1,
          hangedman_swamp_dais
Spider:1: layout_spider_delve
Orc:1:    layout_caves
Orc:2:    grunt_orc_cross, layout_caves, basic_altar

Skill      XL: |  1  2  3  4  5  6  7  8  9 10 11 12 13 14 15 16 17 18 |
---------------+-------------------------------------------------------+-----
Staves         | 3 4 5 6 8 10 12 14 15 16 17 18 19 20 | 20.3
Fighting       | 2 5 7 8 10 11 12 13 | 13.9
Dodging        | 2 5 7 8 10 11 12 13 | 13.9
Translocations | 2 5 8 9 |  9.0
Armour         | 2 6 7 9 10 | 10.0
Polearms       | 1 4 7 8 |  8.1
Stealth        | 1 4 |  4.4
Throwing       | 3 4 |  4.6
Short Blades   | |  2.0
Evocations     | |  1.0

Action                     |  1- 3 |  4- 6 |  7- 9 | 10-12 | 13-15 | 16-18 || total
---------------------------+-------+-------+-------+-------+-------+-------++-------
  Melee: Quarterstaff      |    44 |   193 |   241 |   775 |   471 |   177 ||  1901
         Glaive            |       |       |       |       |   202 |   720 ||   922
         Halberd           |       |       |       |       |       |     2 ||     2
   Fire: Hand crossbow     |       |       |       |       |    63 |       ||    63
         Longbow           |       |       |       |       |     2 |     6 ||     8
  Throw: Stone             |     1 |     5 |       |       |       |       ||     6
         Dart              |       |       |     8 |     8 |     5 |     8 ||    29
         Boomerang         |       |       |       |       |       |    19 ||    19
   Cast: Blink             |       |       |       |       |     3 |     1 ||     4
         Lesser Beckoning  |       |       |       |       |     3 |       ||     3
 Invoke: Serpent's Lash    |       |       |     2 |     5 |     6 |     7 ||    20
         Heavenly Storm    |       |       |       |       |     1 |     2 ||     3
Ability: Lunge             |     2 |    23 |    28 |    90 |    59 |    44 ||   246
         Whirlwind         |       |     7 |    11 |    81 |   102 |   144 ||   345
         Wall Jump         |       |     3 |       |     5 |     2 |     4 ||    14
  Evoke: Wand              |       |       |       |     1 |       |       ||     1
    Use: Scroll            |       |       |       |    19 |     9 |    12 ||    40
         Potion            |       |       |       |     4 |     4 |     5 ||    13
   Stab: Sleeping          |     1 |     2 |     1 |     4 |     2 |     7 ||    17
         Distracted        |       |     1 |       |     1 |     1 |     9 ||    12
         Paralysed         |       |     1 |       |     5 |     4 |       ||    10
         Confused          |       |       |     1 |     3 |     7 |       ||    11
         Petrifying        |       |       |       |     3 |       |       ||     3
 Armour: Leather armour    |    19 |    62 |    92 |    58 |    17 |    91 ||   339
         Skin              |       |       |       |     2 |       |       ||     2
         Troll leather arm |       |       |       |    35 |    71 |    40 ||   146
         Ice dragon scales |       |       |       |       |    20 |       ||    20
         Ring mail         |       |       |       |       |       |    96 ||    96
         Scale mail        |       |       |       |       |       |    12 ||    12
  Dodge: Dodged            |    24 |    71 |    86 |   368 |   478 |   656 ||  1683

Table legend: (Time is in decaauts)
 A = Elapsed time spent in this place.
 B = Non-inter-level travel time spent in this place.
 C = Inter-level travel time spent in this place.
 D = Time resting spent in this place.
 E = Time spent auto-exploring this place.
 F = Levels seen in this place.
 G = Mean time per level.
                   A        B        C        D        E       F      G
               +--------+--------+--------+--------+--------+-----+--------+
         Total |  28131 |  25466 |   2665 |   3799 |  11089 |  29 |  970.0 |
       Dungeon |  15226 |  13768 |   1458 |   1052 |   7421 |  15 | 1015.1 |
          Lair |   6478 |   5597 |    881 |    836 |   2191 |   5 | 1295.6 |
         Swamp |   3112 |   3014 |     98 |   1240 |    724 |   3 | 1037.3 |
   Spider Nest |     21 |     21 |      0 |      0 |      0 |   1 |   21.0 |
  Orcish Mines |   1639 |   1412 |    227 |     69 |    752 |   2 |  819.5 |
         Sewer |    313 |    313 |      0 |      0 |      0 |   1 |  313.0 |
      Ice Cave |    735 |    735 |      0 |    196 |      0 |   1 |  735.0 |
       Volcano |    602 |    602 |      0 |    406 |      0 |   1 |  602.0 |
               +--------+--------+--------+--------+--------+-----+--------+

Top non-repeatable levels by time:
    D:11: 1728 daAuts
  Lair:5: 1643 daAuts
  Lair:3: 1474 daAuts
  Lair:2: 1313 daAuts
 Swamp:3: 1291 daAuts
     D:9: 1255 daAuts
     D:7: 1242 daAuts
     D:4: 1173 daAuts
    D:12: 1167 daAuts
   Orc:2: 1150 daAuts
     D:5: 1150 daAuts
     D:8: 1135 daAuts
    D:13: 1079 daAuts
  Lair:4: 1027 daAuts
  Lair:1: 1018 daAuts
